 Dungeon Crawl Stone Soup version 0.31.0-12-g77e489cdc1 (webtiles) character file.

Game seed: 3025530443369332161

228 chippings the Ruffian (level 5, -2/45 HPs)
             Began as a Draconian Shapeshifter on Mar 5, 2024.
             Slain by an orc
             ... wielding a +0 flail
              (3 damage)
             ... on level 3 of the Dungeon.
             The game lasted 00:05:52 (2166 turns).

chippings the Ruffian (Draconian Shapeshifter)      Turns: 2166, Time: 00:05:53

Health: -2/45      AC:  5    Str: 16    XL:     5   Next: 70%
Magic:  5/5        EV: 12    Int: 11    God:
Gold:   166        SH:  0    Dex: 12    Spells: 4/4 levels left

rFire   . .          .
                       - Unarmed
rCold   . . .        (no shield)
rNeg    . . .        (body armour unavailable)
rPois   .            (helmet currently unavailable)
rElec   .            (cloak currently unavailable)
rCorr   .            (gloves currently unavailable)
SInv    .            (boots currently unavailable)
Will    .....        (no amulet)
Stlth   +            (no ring)
HPRegen 0.27/turn    (no ring)
MPRegen 0.09/turn

%: no passive effects
@: beast-form
A: beast (slay +2), AC +5, unfitting armour, cold-blooded
a: Begin Untransformation


You were on level 3 of the Dungeon.
You were a hulking beast.
You visited 1 branch of the dungeon, and saw 3 of its levels.

You collected 166 gold pieces.

Inventory:

Talismans
 b - a beast talisman
 c - a flux talisman
Scrolls
 f - 3 scrolls of identify {unknown}
 g - 2 scrolls of teleportation {unknown}
 j - a scroll of vulnerability {unknown}
 k - a scroll of fog {unknown}
 l - a scroll of silence {unknown}
 m - a scroll of immolation {unknown}
 n - a scroll of poison {unknown}
Potions
 a - a potion of lignification
 e - a potion of magic {unknown}
 h - a potion of might {unknown}
 i - 3 potions of curing {unknown}
 o - a potion of mutation {unknown}


   Skills:
 + Level 3.2 Fighting
 + Level 3.1 Dodging
 + Level 4.1 Unarmed Combat
 + Level 3.9 Shapeshifting


You had 4 spell levels left.
You didn't know any spells.
Your spell library contained the following spells:

 Spells                   Type           Power      Damage    Failure   Level
 Magic Dart               Conj           0%         1d3       34%         1
 Shock                    Conj/Air       0%         1d3       34%         1
 Lesser Beckoning         Tloc           0%         N/A       47%         2
 Searing Ray              Conj           0%         2d4       47%         2
 Ozocubu's Armour         Ice            0%         N/A       71%         3
 Dimensional Bullseye     Hex/Tloc       0%         N/A       98%         4
 Flame Wave               Conj/Fire      0%         2d4       98%         4
 Fulminant Prism          Conj/Alch      0%         3d5       98%         4
 Passage of Golubria      Tloc           0%         N/A       98%         4
 Freezing Cloud           Conj/Ice/Air   0%         6-21      100%        5


Dungeon Overview and Level Annotations

Branches:
Dungeon (3/15)

Altars:

Shops:
D:1 =(   D:2 :   D:3 :


Innate Abilities, Weirdness & Mutations

You are a hulking beast.
Your limbs bulge with bestial killing power. (Slay +2)
Your plain brown scales are hard. (AC +5)
You cannot fit into any form of body armour.
You are cold-blooded and may be slowed by cold attacks.


Message History

You hit the orc but do no damage.
You tail-slap the orc, but do no damage.
The orc is moderately wounded.
You barely miss the orc.
The orc is moderately wounded.
The orc hits you but does no damage. The orc closely misses you.
You hear some strange, mumbled words.
A puff of flame appears from out of thin air!
The puff of flame hits you!
You hit the orc.
The orc is heavily wounded.
The orc hits you with a +0 dagger. The orc misses you. Something hits you.
You closely miss the orc.
The orc is heavily wounded.
The orc barely misses you. x2
You hear some strange, mumbled words.
You are confused.
You are too confused!
You bump into the rock wall.
The orc hits you with a +0 dagger. The orc hits you with a +0 flail.
Something hits you. The orc hits you with a +0 flail.
You hear some strange, mumbled words.
A puff of flame appears from out of thin air!
The puff of flame hits you.
You barely miss the orc.
The orc is heavily wounded.
The orc hits you with a +0 flail!
* * * LOW HITPOINT WARNING * * *
You hear some strange, mumbled words.
A magic dart appears from out of thin air!
The magic dart hits you!
* * * LOW HITPOINT WARNING * * *
The orc hits you with a +0 dagger.
* * * LOW HITPOINT WARNING * * *
It was a potion of cancellation.
Your magical effects are unravelling.
You feel magically purged.
You feel less confused. The orc hits you with a +0 flail.
You die...

#.....# #.....#
#....?# #.....#
#.....# #.....#
###{o...# #..oh...#
########.......#
######..............#
...................##
##.................#
#..#....#..).......#
.....###....#......#
#.#### #.#.##......#
#.# ##.#.##......#


You could see 2 orcs.

Vanquished Creatures
  12 gnolls
  3 adders (D:2)
  3 dart slugs
  A ribbon worm (D:2)
  4 orcs
  6 endoplasms
  3 giant cockroaches
  4 hobgoblins
  4 quokkas
  5 ball pythons
  8 bats
  3 frilled lizards
  8 goblins
  8 kobolds
  6 rats
78 creatures vanquished.

Notes
Turn   | Place    | Note
-------+----------+-------------------------------------------
     0 | D:1      | chippings the Draconian Shapeshifter began the quest for
                  | the Orb.
     0 | D:1      | Reached XP level 1. HP: 16/16 MP: 1/1
   112 | D:1      | Found Goelatoh's Weapon Emporium.
   118 | D:1      | Reached XP level 2. HP: 23/23 MP: 2/2
   169 | D:1      | Found a faded altar of an unknown god.
   413 | D:1      | Found Vank's One-of-a-Kind Rings.
   508 | D:1      | Reached XP level 3. HP: 26/29 MP: 3/3
   889 | D:2      | Reached XP level 4. HP: 29/36 MP: 4/4
  1250 | D:2      | Found Deitaext's Book Emporium.
  1337 | D:2      | Reached XP level 5. HP: 41/44 MP: 5/5
  1386 | D:2      | Got the Vellum of Frozen Translocation
  1688 | D:3      | Got Vehumet's Omnibus of the Impact
  1721 | D:3      | Reached skill level 4 in Unarmed Combat
  2040 | D:3      | Found Lufus's Vocational Training.
  2165 | D:3      | HP: 1/45 [orc/+0 dagger (3)]
  2166 | D:3      | Slain by an orc

Illustrated notes

Levels and vault maps discovered:
D:1:      dpeg_arrival_central, layout_basic, serial_shops,
          nicolae_shop_statue_plus,
          dreamdust_ecumenical_altar_angels_and_demons,
          nicolae_shop_unique_rings
D:2:      layout_basic, serial_shops, nicolae_shop_peninsula
D:3:      layout_rooms, nicolae_shop_vocational

Skill      XL: |  1  2  3  4  5 |
---------------+----------------+-----
Dodging        | 2 3 |  3.1
Fighting       | 2 3 |  3.2
Unarmed Combat | 4 |  4.1
Shapeshifting  | |  3.9

Action                     |  1- 3 |  4- 6 || total
---------------------------+-------+-------++-------
  Melee: Unarmed           |    88 |   130 ||   218
         Tailslap          |     8 |    16 ||    24
         Punch             |     1 |     3 ||     4
    Use: Potion            |       |     1 ||     1
   Stab: Sleeping          |     1 |     1 ||     2
 Armour: Skin              |    42 |   105 ||   147
  Dodge: Dodged            |    48 |    71 ||   119
